 Dungeon Crawl Stone Soup version 0.19.3-1-g3169bf9 (webtiles) character file.

114088 Peloso the Peltast (level 16, -18/147 HPs)
             Began as a Minotaur Fighter on Jan 25, 2017.
             Was the Champion of Okawaru.
             Demolished by Donald
             ... wielding a +0 long sword of electrocution
              (19 damage)
             ... on level 1 of the Snake Pit.
             The game lasted 01:55:36 (30980 turns).

Peloso the Peltast (Minotaur Fighter)              Turns: 30980, Time: 01:55:37

Health: -18/147    AC: 40    Str: 34    XL:     16   Next: 15%
Magic:  23/24      EV: 15    Int:  5    God:    Okawaru [******]
Gold:   2084       SH: 29    Dex: 16    Spells: 0 memorised, 15 levels left

rFire  + . .     SeeInvis .     L - +11 scimitar of Dismemberment {venom, -Tele rPois MP+9 Str+5}
rCold  . . .     Gourm    .     I - +2 plate armour {rF+}
rNeg   . . .     Faith    +     o - +1 large shield {AC+3}
rPois  +         Spirit   .     t - +1 hat {MR+}
rElec  .         Reflect  .     u - +1 cloak {+Inv}
rCorr  .         Harm     .     a - +2 pair of gloves {Dex+3}
MR     ++...     NoTele   +     x - +1 pair of boots {Stlth+}
Stlth  ..........               E - amulet of faith
                                d - +4 ring of strength
                                g - +6 ring of protection

@: heroism
A: retaliatory headbutt, horns 2
a: Heroism, Finesse, Renounce Religion, Evoke Invisibility


You were on level 1 of the Snake Pit.
You worshipped Okawaru.
Okawaru was exalted by your worship.
You were very hungry.

You visited 5 branches of the dungeon, and saw 25 of its levels.
You also visited: Ice Cave and Volcano.

You collected 2835 gold pieces.
You spent 751 gold pieces at shops.

Inventory:

Hand Weapons
 s - a +1 falchion of electrocution
 v - a +2 scimitar of flaming
 L - the +11 scimitar of Dismemberment (weapon) {venom, -Tele rPois MP+9 Str+5}
   (You found it on level 6 of the Lair of Beasts)

   It poisons the flesh of those it strikes.
   It affects your strength (+5).
   It protects you from poison.
   It affects your magic capacity (+9).
   It prevents most forms of teleportation.
 V - a +4 scimitar of freezing
Armour
 a - a +2 pair of gloves of dexterity (worn)
 o - a +1 large shield of protection (worn)
 t - a +1 hat of magic resistance (worn)
 u - a +1 cloak of invisibility (worn)
 x - a +1 pair of boots of stealth (worn)
 D - the +1 plate armour of Good Intentions {rElec rF+ rC+++ Str-3}
   (You bought it in a shop on level 2 of the Orcish Mines)

   It affects your strength (-3).
   It protects you from fire.
   It renders you almost immune to cold.
   It insulates you from electricity.
 I - a +2 plate armour of fire resistance (worn)
 X - the +1 chain mail "Boaxt" {rN++}
   (Okawaru gifted it to you on level 6 of the Lair of Beasts)

   It greatly protects you from negative energy.
Jewellery
 d - a +4 ring of strength (right hand)
 g - a +6 ring of protection (left hand)
 E - an amulet of faith (around neck)
 F - an uncursed ring of resist corrosion
 G - the ring of Kuteshec {+Fly rPois rC+ Str-2 Int-4}
   (You took it off an orc on level 13 of the Dungeon)

   [ring of intelligence]

   It affects your strength (-2).
   It affects your intelligence (-4).
   It protects you from cold.
   It protects you from poison.
   It lets you fly.
 P - an uncursed ring of protection from magic
 R - an uncursed ring of protection from magic
Wands
 A - a wand of digging (13/24)
 B - a wand of disintegration (5/24)
 K - a wand of iceblast (12/15)
Scrolls
 b - a scroll of identify
 h - 6 scrolls of remove curse
 j - 2 scrolls of blinking
 n - 9 scrolls of teleportation
 p - 3 scrolls of fear
 y - 5 scrolls of enchant weapon
 z - 4 scrolls of enchant armour
 C - 4 scrolls of recharging
 S - 2 scrolls of fog
Potions
 e - 9 potions of curing
 i - 7 potions of heal wounds
 k - 7 potions of flight
 l - 2 potions of cure mutation
 q - 7 potions of agility
 H - a potion of haste
 J - 3 potions of might
 M - 2 potions of invisibility
Comestibles
 c - 24 fruits
 f - 17 bread rations
 m - 15 meat rations
 w - 5 royal jellies


   Skills:
 + Level 14.5(19.5) Fighting
   Level 3.8(16.0) Short Blades
 + Level 16.6(21.8) Long Blades
 + Level 14.0(19.0) Armour
 + Level 5.0(10.0) Dodging
 + Level 2.4(7.4) Stealth
 + Level 20.2(25.2) Shields
 + Level 0.8 Invocations
 + Level 0.8 Evocations


You had 15 spell levels left.
You didn't know any spells.

Dungeon Overview and Level Annotations

Branches:
Dungeon (15/15)            Temple (1/1) D:5            Lair (6/6) D:8
  Swamp (0/4) Lair:2        Snake (1/4) Lair:2        Slime (0/5) Lair:6
    Orc (2/2) D:9             Elf (0/3) Orc:2        Vaults (0/5) D:13
 Depths (0/5) D:15

Altars:
Ashenzari
Cheibriados
Dithmenos
Elyvilon
Fedhas
Gozag
Hepliaklqana
Kikubaaqudgha
Makhleb
Nemelex Xobeh
Okawaru
Qazlal
Ru
Sif Muna
Trog
Uskayaw
Vehumet
Xom
Yredelemnul
Zin
The Shining One
Beogh
Jiyva

Shops:
D:7 (   D:8 %   D:13 ([   Orc:2 ([*[

Portals:
Trove: D:11 (give 4 potions of cure mutation)

Annotations:
Snake:1 Donald, Nikola


Innate Abilities, Weirdness & Mutations

You reflexively headbutt those who attack you in melee.
You have a pair of horns on your head.


Message History

Donald is severely wounded.
You block Nikola's attack. You block the shock serpent's attack.
Unknown command.
You hit Donald but do no damage.
Donald looks as sick as possible!
You headbutt Donald, but do no damage.
Donald is almost dead.
You block Donald's attack. The shock serpent bites you!
* * * LOW HITPOINT WARNING * * *
The shock serpent shocks you!
* * * LOW HITPOINT WARNING * * *
Nikola casts a spell at you. The zap hits you!
* * * LOW HITPOINT WARNING * * *
You cannot teleport because you are wielding the +11 scimitar of Dismemberment {venom, -Tele rPois MP+9 Str+5}.
Donald says, "I hate mutated serpents."
The shock serpent bites you but does no damage.
Donald hits you with a long sword of electrocution!
* * * LOW HITPOINT WARNING * * *
You are electrocuted!
You die...

##..(..... . .....%... .♣.
#......# # ....# $!....##..
.S....####...#....
.......(##.(...# ###...♣N@....#
###...#@S..#### ##.##.@.....##
... ##...##..#####
.#.........##.....## #.
#..###.....#...#..# . ...
..#........##.####
#.#.##...#...####.......##
#............# #.........
..##......###.......#........
.)......#...#######.....###....


You could see Nikola, Donald, a naga sharpshooter and a shock serpent.

Vanquished Creatures
  The ghost of eXcel the Slayer, an adept OgBe of Trog (Lair:3)
  Agnes (Snake:1)
  The ghost of Kloppie the Severer, an adept FoFi of Ru (Orc:2)
  A frost giant (IceCv)
  Aizul (Snake:1)
  Azrael (Orc:2)
  6 dire elephants (Lair:6)
  Snorg (Lair:4)
  The ghost of Clownie the Cleaver, a journeyman FoGl of Makhleb (D:14)
  A minotaur (shapeshifter) (D:15)
  Erolcha (D:13)
  3 hydras
  3 ogre magi
  Erica (Lair:2)
  A catoblepas (D:9)
  2 anacondas
  2 centaur warriors
  6 death yaks (Lair:5)
  An orc high priest (Orc:2)
  Sonja (D:13)
  A fire crab (shapeshifter) (D:15)
  2 skeletal warriors (Volcano)
  2 deep trolls
  2 unseen horrors
  A flayed ghost (D:13)
  8 hill giants
  A hill giant (shapeshifter) (D:13)
  2 deep elf magi
  11 ugly things
  2 mana vipers (Snake:1)
  7 cyclopes
  5 oklob plants (Lair:5)
  11 elephants
  A salamander (Snake:1)
  A manticore (D:13)
  Maurice (D:7)
  9 black mambas
  4 ice statues
  A guardian serpent (shapeshifter) (D:15)
  3 gargoyles (Volcano)
  3 centaur skeletons
  10 spiny frogs
  A rime drake (Lair:1)
  7 komodo dragons
  A freezing wraith (D:15)
  A yaktaur (D:15)
  A rime drake (shapeshifter) (D:15)
  The ghost of Tagedieb the Sneak, a novice VSAs of Uskayaw (D:6)
  19 polar bears
  2 harpy skeletons (Volcano)
  A jumping spider (shapeshifter) (D:13)
  17 trolls
  14 slime creatures
  10 two-headed ogres
  A hornet (D:12)
  13 blink frogs
  A raiju (shapeshifter) (D:15)
  10 dream sheep (Lair:6)
  6 hippogriffs
  2 meliai zombies (D:13)
  11 spriggans
  2 flying skulls (Volcano)
  5 shadows
  A vampire (D:13)
  A tarantella (shapeshifter) (D:13)
  6 wyverns
  2 wraiths
  2 basilisks
  2 hungry ghosts
  3 fire elementals (Orc:2)
  41 yaks
  2 humans (D:9)
  3 wargs (Orc:2)
  A mottled dragon (D:13)
  5 nagas
  14 water moccasins
  3 hell hounds (Orc:2)
  10 porcupines
  3 ice beasts
  3 black bears
  2 eyes of draining
  16 orc warriors
  A phantom (D:9)
  3 sky beasts
  16 wolves
  9 centaurs
  A tengu (shapeshifter) (D:13)
  29 ogres
  3 boggarts (D:15)
  A crocodile (shapeshifter) (D:13)
  10 crocodiles
  3 big kobolds
  23 bullfrogs
  A water moccasin zombie (D:8)
  3 scorpions
  A water moccasin skeleton (D:5)
  8 wights
  2 howler monkeys (D:11)
  A spriggan skeleton (Volcano)
  5 electric eels
  2 lava snakes (D:11)
  6 crimson imps
  6 centaur zombies
  A quasit (D:9)
  7 jellies
  Crazy Yiuf (D:2)
  7 hounds
  15 orc priests
  24 orc wizards
  A bullfrog skeleton (D:8)
  9 iguanas
  Natasha (thrice) (D:2)
  A hell rat (D:8)
  14 worker ants
  2 naga skeletons (Volcano)
  A hound zombie (D:5)
  3 hound skeletons
  A worker ant zombie (D:11)
  Robin (D:2)
  9 adders
  3 gnolls
  3 river rats (Lair:5)
  3 shadow imps
  2 oozes (Lair:6)
  An adder zombie (D:7)
  2 adder skeletons
  2 dart slugs
  7 leopard geckos
  63 orcs
  3 ball pythons
  10 bats
  3 giant cockroaches
  17 goblins
  15 hobgoblins
  5 jackals
  24 kobolds
  2 quokkas
  5 frilled lizards
  7 rats
  A bush (D:12)
  A fire vortex (Lair:3)
  A fungus (Lair:6)
  20 plants
804 creatures vanquished.

Vanquished Creatures (others)
  A slime creature (D:15)
  A flying skull (Volcano)
  20 fungi
  14 plants
36 creatures vanquished.

Grand Total: 840 creatures vanquished

Notes
Turn   | Place    | Note
-------+----------+-------------------------------------------
     0 | D:1      | Peloso the Minotaur Fighter began the quest for the Orb.
     0 | D:1      | Reached XP level 1. HP: 19/19 MP: 0/0
   267 | D:1      | Reached XP level 2. HP: 19/27 MP: 1/1
   564 | D:1      | Reached skill level 4 in Shields
  1269 | D:2      | Reached XP level 3. HP: 33/33 MP: 2/2
  1276 | D:2      | Noticed Robin
  1285 | D:2      | Killed Robin
  1422 | D:2      | Found a hide-covered altar of Uskayaw.
  1542 | D:2      | Noticed Natasha
  1556 | D:2      | Killed Natasha
  1556 | D:2      | Reached XP level 4. HP: 22/40 MP: 3/3
  1727 | D:2      | Noticed Natasha
  1733 | D:2      | Killed Natasha
  1766 | D:2      | Noticed Natasha
  1776 | D:2      | Killed Natasha
  1776 | D:2      | Reached XP level 5. HP: 39/46 MP: 4/4
  1892 | D:2      | Found a runed door.
  2121 | D:2      | Noticed Crazy Yiuf
  2127 | D:2      | Killed Crazy Yiuf
  2127 | D:2      | Reached skill level 1 in Dodging
  2127 | D:2      | Reached skill level 5 in Shields
  2944 | D:3      | Reached skill level 5 in Armour
  2944 | D:3      | Reached XP level 6. HP: 41/52 MP: 5/5
  3125 | D:4      | Reached skill level 5 in Long Blades
  3346 | D:4      | Reached skill level 6 in Shields
  3440 | D:4      | Found a radiant altar of Vehumet.
  3586 | D:5      | Entered Level 5 of the Dungeon
  3586 | D:5      | Found a sparkling altar of Nemelex Xobeh.
  3665 | D:5      | Reached XP level 7. HP: 55/59 MP: 6/6
  3847 | D:5      | Found a staircase to the Ecumenical Temple.
  3856 | Temple   | Entered the Ecumenical Temple
  5064 | D:6      | Reached skill level 7 in Shields
  5466 | D:6      | Reached XP level 8. HP: 67/67 MP: 7/7
  5655 | D:6      | Noticed Tagedieb's ghost (novice VSAs)
  5675 | D:6      | Killed Tagedieb's ghost
  5675 | D:6      | Reached skill level 5 in Fighting
  6059 | D:7      | Reached skill level 8 in Shields
  6125 | D:7      | Found Nakka's Antique Weapon Emporium.
  6390 | D:7      | Found a hazy altar of Hepliaklqana.
  6728 | D:8      | Noticed Maurice
  6904 | D:7      | Reached XP level 9. HP: 65/74 MP: 8/8
  6925 | D:7      | Killed Maurice
  6925 | D:7      | Reached skill level 9 in Shields
  7075 | D:8      | Found a staircase to the Lair.
  7121 | D:8      | Found Cygamn's Food Shoppe.
  7519 | D:8      | Reached skill level 10 in Long Blades
  7522 | D:8      | Noticed a troll
  7531 | D:8      | Killed a troll
  8361 | D:8      | Noticed an ice statue
  8438 | D:9      | Noticed a catoblepas
  8456 | D:9      | Killed a catoblepas
  8456 | D:9      | Reached XP level 10. HP: 13/84 MP: 9/9
  8684 | D:8      | Reached skill level 10 in Shields
  9059 | D:9      | Found an iron altar of Okawaru.
  9085 | D:9      | Became a worshipper of Warmaster Okawaru
  9167 | D:9      | Found a staircase to the Orcish Mines.
  9613 | D:9      | Found a blossoming altar of Fedhas.
  9903 | D:9      | Reached * piety under Okawaru
 10277 | D:10     | Entered Level 10 of the Dungeon
 10297 | D:10     | Noticed a hill giant
 10312 | D:10     | Killed a hill giant
 10609 | D:10     | Reached ** piety under Okawaru
 10870 | D:10     | Identified a scroll of acquirement
 11103 | D:10     | Reached XP level 11. HP: 94/94 MP: 10/10
 11489 | D:11     | Reached skill level 11 in Shields
 11541 | D:11     | Noticed a hill giant
 11587 | D:11     | Killed a hill giant
 11777 | D:10     | Reached *** piety under Okawaru
 11878 | D:11     | Found a portal to a secret trove of treasure.
 12235 | Lair:1   | Entered Level 1 of the Lair of Beasts
 12247 | Lair:1   | Received a gift from Okawaru
 12247 | Lair:1   | Reached skill level 1 in Stealth
 12316 | Lair:1   | Reached **** piety under Okawaru
 12334 | Lair:1   | Found a frozen archway.
 12341 | IceCv    | Entered an ice cave
 12365 | IceCv    | Reached skill level 12 in Shields
 12631 | IceCv    | Reached ***** piety under Okawaru
 13204 | IceCv    | Reached skill level 10 in Armour
 13631 | IceCv    | Reached XP level 12. HP: 102/104 MP: 11/11
 13647 | IceCv    | Reached skill level 13 in Shields
 13681 | IceCv    | Noticed a frost giant
 13702 | IceCv    | Killed a frost giant
 13702 | IceCv    | Reached ****** piety under Okawaru
 13757 | IceCv    | Got an ichor-stained halberd
 14523 | Lair:2   | Received a gift from Okawaru
 14552 | Lair:2   | Found a staircase to the Swamp.
 14575 | Lair:2   | Found a staircase to the Snake Pit.
 14656 | Lair:2   | Noticed a five-headed hydra
 14742 | Orc:1    | Entered Level 1 of the Orcish Mines
 14815 | Orc:1    | Found a roughly hewn altar of Beogh.
 14822 | Orc:1    | Found a dark tunnel.
 14830 | Volcano  | Entered a volcano
 14907 | Volcano  | Reached skill level 14 in Shields
 15122 | Volcano  | Reached skill level 10 in Fighting
 15587 | Lair:2   | Killed a five-headed hydra
 15607 | Lair:2   | Noticed Erica
 15622 | Lair:2   | Killed Erica
 16077 | Lair:2   | Reached skill level 15 in Shields
 16080 | Lair:2   | Reached skill level 1 in Short Blades
 16087 | Lair:2   | Received a gift from Okawaru
 16427 | Lair:2   | Reached XP level 13. HP: 98/114 MP: 12/12
 16776 | Lair:3   | Noticed eXcel's ghost (adept OgBe)
 16842 | Lair:3   | Killed eXcel's ghost
 17502 | Lair:4   | Received a gift from Okawaru
 17557 | Lair:4   | Noticed Snorg
 17581 | Lair:4   | Killed Snorg
 17581 | Lair:4   | Reached skill level 16 in Shields
 19102 | Lair:5   | Reached skill level 15 in Long Blades
 19383 | Lair:5   | Received a gift from Okawaru
 19989 | Lair:5   | Got a brightly glowing short sword
 19990 | Lair:5   | Identified the +5 short sword of Makhleb's Regard {pierce, rElec rC+ Dex+6} (You found it on level 5 of the Lair of Beasts)
 20124 | Lair:5   | Reached skill level 17 in Shields
 20133 | Lair:6   | Entered Level 6 of the Lair of Beasts
 20158 | Lair:6   | Reached XP level 14. HP: 106/125 MP: 13/13
 20163 | Lair:6   | Found a viscous altar of Jiyva.
 20199 | Lair:6   | Found a runed door.
 20303 | Lair:6   | Found a staircase to the Slime Pits.
 20372 | Lair:6   | Received a gift from Okawaru
 21913 | Lair:6   | Received a gift from Okawaru
 21928 | Lair:6   | Got a pitted chain mail {god gift}
 21939 | Lair:6   | Identified the +1 chain mail "Boaxt" {rN++} (Okawaru gifted it to you on level 6 of the Lair of Beasts)
 21962 | Lair:6   | Identified the +4 halberd "Cemao" {holy, rC+} (You found it in an ice cave)
 22685 | Orc:2    | Entered Level 2 of the Orcish Mines
 23274 | Orc:2    | Reached skill level 18 in Shields
 23411 | Orc:2    | Found Vaifaosm's Armour Boutique.
 23427 | Orc:2    | Found Paeddaca's Assorted Antiques.
 23441 | Orc:2    | Found Ynguret's Armour Shop.
 23441 | Orc:2    | Found a staircase to the Elven Halls.
 23442 | Orc:2    | Noticed Azrael
 23602 | Orc:2    | Received a gift from Okawaru
 23605 | Orc:2    | Got a heavily runed hat {god gift}
 23625 | Orc:2    | Identified the +0 hat of the Duke {rElec rN+ Int-5} (Okawaru gifted it to you on level 2 of the Orcish Mines)
 23625 | Orc:2    | Lost intelligence.
 23764 | Orc:2    | Found Emuprouf's Weapon Boutique.
 23788 | Orc:2    | Bought a translucent plate armour for 728 gold pieces
 23829 | Orc:2    | Identified the cursed +1 plate armour of Good Intentions {rElec rF+ rC+++ Str-3} (You bought it in a shop on level 2 of the Orcish Mines)
 23998 | Orc:2    | Killed Azrael
 24277 | Orc:2    | Noticed Kloppie's ghost (adept FoFi)
 24280 | Orc:2    | Reached XP level 15. HP: 135/135 MP: 14/14
 24299 | Orc:2    | Killed Kloppie's ghost
 24536 | Orc:2    | Found a roughly hewn altar of Beogh.
 24906 | Orc:2    | Bought a lumpy yellow potion for 23 gold pieces
 26313 | D:12     | Found a hide-covered altar of Uskayaw.
 26765 | D:13     | Found a gate to the Vaults.
 26911 | D:13     | Found Hisch's Weapon Shoppe.
 27014 | D:13     | Found Zaikoj's Armour Shop.
 27054 | D:13     | Reached skill level 19 in Shields
 27098 | D:13     | Noticed Sonja
 27112 | D:13     | Noticed Erolcha
 27118 | D:13     | Killed Erolcha
 27118 | D:13     | Received a gift from Okawaru
 27993 | D:13     | Killed Sonja
 28031 | D:13     | Got a scintillating lapis lazuli ring
 28055 | D:13     | Identified the cursed ring of Kuteshec {+Fly rPois rC+ Str-2 Int-4} (You took it off an orc on level 13 of the Dungeon)
 28607 | D:14     | Noticed Clownie's ghost (journeyman FoGl)
 28618 | D:14     | Killed Clownie's ghost
 28816 | D:15     | Entered Level 15 of the Dungeon
 28849 | D:15     | Received a gift from Okawaru
 29345 | D:15     | Found a staircase to the Depths.
 29660 | D:15     | Reached XP level 16. HP: 119/147 MP: 15/15
 29666 | D:15     | Reached skill level 20 in Shields
 30060 | Snake:1  | Entered Level 1 of the Snake Pit
 30065 | Snake:1  | Noticed Agnes
 30081 | Snake:1  | Killed Agnes
 30081 | Snake:1  | Received a gift from Okawaru
 30543 | Lair:6   | Got an iridescent scimitar
 30544 | Lair:6   | Identified the +11 scimitar of Dismemberment {venom, -Tele rPois MP+9 Str+5} (You found it on level 6 of the Lair of Beasts)
 30896 | Snake:1  | Noticed Aizul
 30909 | Snake:1  | Killed Aizul
 30909 | Snake:1  | Reached skill level 5 in Dodging
 30960 | Snake:1  | Noticed Donald
 30962 | Snake:1  | Noticed Nikola
 30980 | Snake:1  | HP: 1/147 [Donald/long sword of electrocution (7)]
 30980 | Snake:1  | Demolished by Donald

Skill      XL: |  1  2  3  4  5  6  7  8  9 10 11 12 13 14 15 16 |
---------------+-------------------------------------------------+-----
Armour         | 4 5 6 7 8 9 10 11 12 13 14 | 14.0
Shields        | 4 5 6 7 8 9 10 12 15 17 18 19 20 | 20.2
Long Blades    | 3 4 5 7 9 11 12 14 15 16 | 16.6
Fighting       | 4 5 6 7 9 10 11 13 14 | 14.5
Dodging        | 1 2 3 4 5 |  5.0
Stealth        | 1 2 |  2.4
Short Blades   | 1 3 |  3.8
Invocations    | |  0.8
Evocations     | |  0.8

Action                   |  1- 3 |  4- 6 |  7- 9 | 10-12 | 13-15 | 16-18 || total
-------------------------+-------+-------+-------+-------+-------+-------++-------
Melee: Long sword        |   199 |   152 |   161 |       |       |       ||   512
       Headbutt          |    40 |    35 |    72 |   238 |   573 |    25 ||   983
       Scimitar          |       |       |   212 |   818 |  1528 |    68 ||  2626
       Rapier            |       |       |       |    10 |       |       ||    10
       Short sword       |       |       |       |       |   132 |       ||   132
Invok: Heroism           |       |       |       |     3 |     4 |     1 ||     8
 Abil: Evoke Flight      |       |       |       |       |     1 |       ||     1
Evoke: Wand              |       |       |       |       |     3 |     6 ||     9
  Use: Scroll            |       |     6 |     1 |    23 |    12 |     1 ||    43
       Potion            |       |       |     2 |     4 |     2 |       ||     8
  Eat: Chunk             |     3 |     6 |    15 |    23 |    40 |       ||    87
       Beef jerky        |       |       |     1 |       |     3 |     2 ||     6
       Pizza             |       |       |       |     2 |       |       ||     2
Armor: Scale mail        |    55 |    10 |       |       |       |       ||    65
       Plate armour      |       |    71 |   185 |   354 |   330 |    26 ||   966
       Chain mail        |       |       |       |       |   204 |       ||   204
Dodge: Dodged            |    46 |    24 |    48 |   160 |   266 |    22 ||   566
Block: Shield            |    67 |    91 |   168 |   107 |       |       ||   433
       Large shield      |       |       |       |   691 |  1542 |   103 ||  2336
       Rpst.: Long sword |     7 |     6 |     7 |       |       |       ||    20
       Scimitar          |       |       |     9 |    35 |    50 |     2 ||    96
